 Dungeon Crawl Stone Soup version 0.21-a0-509-gecc5317 (webtiles) character file.

147 BingusPrime the Insei (level 5, -8/33 HPs)
             Began as an Octopode Transmuter on Nov 29, 2017.
             Mangled by Edmund
             ... wielding a +0 flail of protection
              (11 damage)
             ... on level 5 of the Dungeon.
             The game lasted 00:12:05 (2430 turns).

BingusPrime the Insei (Octopode Transmuter)         Turns: 2430, Time: 00:12:05

Health: -8/33      AC:  2    Str: 10    XL:     5   Next: 29%
Magic:  6/9        EV: 20    Int: 15    God:
Gold:   159        SH:  0    Dex: 18    Spells: 3/9 levels left

rFire    . . .     SeeInvis .     - Unarmed
rCold    . . .     Gourm    .   (shield currently unavailable)
rNeg     . . .     Faith    .   (helmet currently unavailable)
rPois    x         Spirit   .   (no amulet)
rElec    .         Reflect  .   (no ring)
rCorr    .         Harm     .   (no ring)
MR       .....                  (no ring)
Stlth    ++........             (no ring)
HPRegen  0.11/turn              (no ring)
MPRegen  0.11/turn              (no ring)
                                (no ring)
                                (no ring)

@: spider-form (expiring)
A: tiny, almost no armour, stealthy swim, (amphibious), 8 rings, (constrict 8)
a: End Transformation


You were on level 5 of the Dungeon.
You were near starving.
You were a venomous arachnid creature.
You visited 1 branch of the dungeon, and saw 6 of its levels.

You collected 159 gold pieces.

Inventory:

Hand Weapons
 d - a +0 short sword (melded)
Missiles
 a - 90 arrows
Jewellery
 m - an uncursed ring of ice {unknown}
Scrolls
 e - 3 scrolls of teleportation
 g - a scroll of fear {unknown}
 h - a scroll of remove curse
 k - a scroll of fog {unknown}
 n - a scroll of noise {unknown}
Potions
 f - a potion of magic {unknown}
 j - 2 potions of ambrosia
 l - a potion of curing {unknown}
Books
 b - a book of Changes

   Spells                             Type                      Level
   a - Beastly Appendage              Transmutation                1
   b - Sticks to Snakes               Transmutation                2
   c - Spider Form                    Transmutation/Poison         3
   d - Ice Form                       Ice/Transmutation            4
   e - Blade Hands                    Transmutation                5
Comestibles
 c - 2 bread rations
 i - 2 meat rations


   Skills:
 + Level 1.1 Fighting
 + Level 0.7 Short Blades
 + Level 2.7 Dodging
 + Level 2.0 Stealth
 + Level 3.5 Unarmed Combat
 + Level 2.8 Spellcasting
 + Level 3.0 Transmutations
 + Level 1.0 Poison Magic


You had 3 spell levels left.
You knew the following spells:

 Your Spells              Type           Power        Failure   Level  Hunger
a - Beastly Appendage     Tmut           ##....       17%         1    #......
b - Spider Form           Tmut/Pois      #.........   47%         3    ###....
c - Sticks to Snakes      Tmut           ##......     22%         2    ##.....


Dungeon Overview and Level Annotations

Branches:
Dungeon (6/15)
 Temple: D:4-7

Altars:

Annotations:
D:5 Edmund, Pikel


Innate Abilities, Weirdness & Mutations

You cannot wear most types of armour.
You are very stealthy in the water. (Stealth+)
((You are amphibious.))
You can wear up to eight rings at the same time.
((You can use your tentacles to constrict eight enemies at once.))
((Your skin changes colour to match your surroundings (Stealth+).))
((Your rubbery body absorbs attacks. (AC +1, EV +1)))


Message History

Edmund is moderately wounded.
Edmund barely misses you.
Casting: Spider Form
Confirm with . or Enter, or press ? or * to list all spells.
You turn into a venomous arachnid creature.
Your +0 short sword melds into your body.
Edmund closely misses you. Edmund hits you but does no damage.
You hit Edmund but do no damage.
Edmund is moderately wounded.
Edmund hits you with a flail of protection!
* * * LOW HITPOINT WARNING * * *
You hit Edmund but do no damage.
Edmund is moderately wounded.
Your transformation is almost over.
Edmund misses you.
You barely miss Edmund.
Edmund is moderately wounded.
Edmund hits you with a flail of protection!
You die...

###### #....# #....#
#....#########
###............##
#.....[..$......#
#....s#.........#
#....@#.........######
#.....#...............
#........%#.....######
#...........##### #..
#.............(......#
#..........###########
###'##.....## #.@..
#.##......# #.###


You could see Edmund.

Vanquished Creatures
  A slave (D:5)
  A hound (D:4)
  Robin (D:3)
  5 adders
  An ooze (D:3)
  An adder skeleton (D:4)
  A leopard gecko (D:2)
  A ball python (D:1)
  A giant cockroach (D:2)
  11 hobgoblins
  5 kobolds
  A quokka (D:5)
  2 bats
  3 frilled lizards (D:3)
  11 goblins
  A jackal zombie (D:5)
  10 rats
57 creatures vanquished.

Notes
Turn   | Place    | Note
-------+----------+-------------------------------------------
     0 | D:1      | BingusPrime the Octopode Transmuter began the quest for the Orb.
     0 | D:1      | Reached XP level 1. HP: 13/13 MP: 3/3
   408 | D:1      | Reached XP level 2. HP: 18/18 MP: 3/5
   774 | D:2      | Reached XP level 3. HP: 19/23 MP: 3/6
   779 | D:2      | Learned a level 3 spell: Spider Form
  1488 | D:2      | You fall through a shaft for 2 floors!
  1513 | D:4      | Reached skill level 1 in Stealth
  1513 | D:4      | Reached XP level 4. HP: 22/28 MP: 3/8
  1648 | D:3      | Learned a level 2 spell: Sticks to Snakes
  1903 | D:3      | Reached XP level 5. HP: 32/33 MP: 1/9
  1919 | D:3      | Noticed Robin
  1926 | D:3      | Killed Robin
  2187 | D:3      | You fall through a shaft for 3 floors!
  2222 | D:6      | Noticed an ice beast
  2250 | D:6      | Reached skill level 1 in Poison Magic
  2255 | D:5      | Entered Level 5 of the Dungeon
  2255 | D:5      | Noticed a slave
  2255 | D:5      | Noticed Edmund
  2318 | D:5      | Killed a slave
  2385 | D:5      | Noticed a slave
  2387 | D:5      | Noticed Pikel
  2387 | D:5      | Noticed a slave
  2430 | D:5      | Mangled by Edmund

Vault maps used:
D:1:      dpeg_arrival_central
D:3:      minmay_item_behind_shaft, trog_three_pillars_becter, uniq_robin
D:4:      minitemple
D:5:      led_sif_book, first_bread, uniq_pikel, uniq_edmund
D:6:      minmay_temple_entry_glassed_door

Skill      XL: |  1  2  3  4  5 |
---------------+----------------+-----
Stealth        | 1 2 |  2.0
Transmutations | 3 |  3.0
Poison Magic   | 1 |  1.0
Fighting       | |  1.1
Short Blades   | |  0.7
Dodging        | |  2.7
Unarmed Combat | |  3.5
Spellcasting   | |  2.8

Action                   |  1- 3 |  4- 6 || total
-------------------------+-------+-------++-------
Melee: Unarmed           |    16 |    60 ||    76
       Short sword       |    40 |    25 ||    65
       Tentacles         |     9 |     4 ||    13
       Constrict         |    15 |    10 ||    25
       Punch             |     1 |       ||     1
       Kick              |     5 |     1 ||     6
 Cast: Beastly Appendage |    19 |     3 ||    22
       Spider Form       |     3 |    11 ||    14
  Use: Scroll            |     3 |       ||     3
       Potion            |     4 |       ||     4
 Stab: Sleeping          |     6 |     2 ||     8
  Eat: Chunk             |     1 |     4 ||     5
Armor: Skin              |     7 |     7 ||    14
Dodge: Dodged            |    32 |    55 ||    87

Table legend:
 A = Spawn XP
 B = Non-spawn XP
 C = Spawn XP percentage of total XP
 D = Spawn monster count
 E = Non-spawn monster count
 F = Spawn count percentage of total count
 G = Total turns spent on level
                    A         B        C        D         E        F      G
               +---------+---------+-------+---------+---------+-------+---------
         Total |       0 |     210 |   0.0 |       0 |      56 |   0.0 |  2430
               +---------+---------+-------+---------+---------+-------+---------
           D:1 |       0 |      25 |   0.0 |       0 |      17 |   0.0 |   698
           D:2 |       0 |      30 |   0.0 |       0 |      10 |   0.0 |   790
           D:3 |       0 |      68 |   0.0 |       0 |      22 |   0.0 |   550
           D:4 |       0 |      71 |   0.0 |       0 |       4 |   0.0 |   149
           D:5 |       0 |       3 |   0.0 |       0 |       2 |   0.0 |   175
           D:6 |       0 |      13 |   0.0 |       0 |       1 |   0.0 |    68
               +---------+---------+-------+---------+---------+-------+---------
